 Dungeon Sprint DCSS version 0.21-a0-229-g3587535 (webtiles) character file.

2056 Kidiri the Thaumaturge (level 9, 0/61 HPs)
             Began as a Deep Elf Fire Elementalist on Sept 1, 2017.
             Was a Priest of Vehumet.
             Slain by a centaur warrior (3 damage)
             ... in the Dungeon (Sprint III: "The Ten Rune Challenge").
             The game lasted 00:05:18 (1142 turns).

Kidiri the Thaumaturge (Deep Elf Fire Elementalist) Turns: 1142, Time: 00:05:18

Health: 0/61       AC:  3    Str:  7    XL:     9   Next: 5%
Magic:  12/26      EV: 17    Int: 24    God:    Vehumet [***...]
Gold:   41         SH:  0    Dex: 15    Spells: 19/37 levels left

rFire    . . .     SeeInvis .   l - +0 dagger
rCold    . . .     Gourm    .   (no shield)
rNeg     . . .     Faith    .   a - +0 robe
rPois    .         Spirit   .   (no helmet)
rElec    .         Reflect  .   (no cloak)
rCorr    .         Harm     .   (no gloves)
MR       .....     NoTele   +   (no boots)
Stlth    ++........             (no amulet)
HPRegen  0.20/turn              (no ring)
MPRegen  0.20/turn              (no ring)

@: no status effects
A: claws 1, rugged brown scales 1, low mp 1, robust 1, strong 1
a: Renounce Religion


You were in the Dungeon.
You worshipped Vehumet.
Vehumet was most pleased with you.
You were full.

You visited 1 branch You collected 41 gold pieces.

Inventory:

Hand Weapons
 l - a +0 dagger (weapon)
Armour
 a - a +0 robe (worn)
Scrolls
 i - 2 scrolls of blinking
 j - a scroll of enchant weapon {unknown}
 m - a scroll of immolation {unknown}
 n - 3 scrolls of identify
 o - 2 scrolls of remove curse
 q - a scroll of torment {unknown}
Potions
 b - a potion of might
 d - 3 potions of curing
 e - a potion of heal wounds
 f - a potion of haste
 g - 2 potions of magic
 h - 2 potions of berserk rage
 p - 2 potions of flight
 s - 2 potions of mutation
Comestibles
 c - a bread ration
 r - a meat ration


   Skills:
 + Level 5.1 Fighting
 + Level 5.9 Short Blades
 + Level 5.0 Armour
 + Level 7.9 Dodging
 - Level 2.4 Stealth
 * Level 14.6 Spellcasting
 + Level 9.0 Conjurations
 + Level 9.6 Fire Magic


You had 19 spell levels left.
You knew the following spells:

 Your Spells              Type           Power        Failure   Level  Hunger
a - Flame Tongue          Conj/Fire      #####        1%          1    None
b - Throw Flame           Conj/Fire      ######       1%          2    None
c - Conjure Flame         Conj/Fire      ######..     1%          3    None
d - Inner Flame           Hex/Fire       #####...     1%          3    None
e - Sticky Flame          Conj/Fire      ######..     1%          4    None
f - Fireball              Conj/Fire      ######....   1%          5    ##.....


Dungeon Overview and Level Annotations

Branches:
Dungeon (1/1)

Altars:
Cheibriados
Dithmenos
Elyvilon
Fedhas
Gozag
Hepliaklqana
Kikubaaqudgha
Makhleb
Nemelex Xobeh
Okawaru
Qazlal
Ru
Sif Muna
Trog
Uskayaw
Vehumet
Wu Jian
Xom
Yredelemnul
Zin
The Shining One
Beogh
Jiyva
Lugonu

Annotations:
D exclusion: 2 doors


Innate Abilities, Weirdness & Mutations

You have sharp fingernails.
You are partially covered in rugged brown scales. (AC +1, +3% HP)
Your magical capacity is low. (-10% MP)
You are robust. (+10% HP)
Your muscles are strong. (Str +2)


Message History

Casting: Sticky Flame
Confirm with . or Enter, or press ? or * to list all spells.
Aiming: Flame Tongue
Press: ? - help, Shift-Dir - straight line, f/p - centaur warrior
Aim: a centaur warrior (severely wounded, covered in liquid flames)
The flame tongue hits the centaur warrior.
The centaur warrior is severely wounded.
The centaur warrior burns!
The centaur warrior hits you!
* * * LOW HITPOINT WARNING * * *
Casting: Flame Tongue
Confirm with . or Enter, or press ? or * to list all spells.
Aiming: Flame Tongue
Press: ? - help, Shift-Dir - straight line, f/p - centaur warrior
Aim: a centaur warrior (almost dead, covered in liquid flames)
The flame tongue hits the centaur warrior.
The centaur warrior is almost dead.
The centaur warrior burns!
The centaur warrior hits you.
* * * LOW HITPOINT WARNING * * *
The centaur warrior hits you.
You die...

__#__# _)#%_# ###+##
.....# .....# ####'#
_#...#+#############
_#...#..§§≈§§#.(...+
_#...#§#§≈§#§#.#@c.#
_#...'.#§§§#.#.#...#
_+...#.#§§§#...#.).#
▓▓▓▓▓▓▓▓▓▓▓▓▓▓▓▓▓▓▓#


You could see a centaur warrior (burning).

Vanquished Creatures
  Erica (D)
  A deep elf mage (D)
  A shadow (D)
  A spatial vortex (D)
  2 centaurs (D)
  A necrophage (D)
  A water elemental (D)
  A scorpion (D)
  A jelly (D)
  A wizard (D)
  Jessica (D)
  A necromancer (D)
  3 humans (D)
  A kobold demonologist (D)
  An ooze (D)
  2 rats (D)
20 creatures vanquished.

Vanquished Creatures (others)
  2 draconian scorchers (D)
  6 hellions (D)
  A yaktaur (D)
9 creatures vanquished.

Grand Total: 29 creatures vanquished

Notes
Turn   | Place    | Note
-------+----------+-------------------------------------------
     0 | D        | Kidiri the Deep Elf Fire Elementalist began the quest for the Orb.
     0 | D        | Reached XP level 1. HP: 10/10 MP: 6/6
    31 | D        | Reached skill level 4 in Spellcasting
    57 | D        | Killed a yaktaur
    76 | D        | Killed a hellion
    77 | D        | Killed a hellion
    98 | D        | Noticed Jessica
   103 | D        | Killed Jessica
   103 | D        | Reached skill level 6 in Spellcasting
   103 | D        | Reached XP level 2. HP: 15/15 MP: 4/11
   103 | D        | Reached XP level 3. HP: 19/19 MP: 4/12
   107 | D        | Learned a level 2 spell: Throw Flame
   107 | D        | Killed a hellion
   109 | D        | Killed a hellion
   111 | D        | Learned a level 3 spell: Conjure Flame
   112 | D        | Killed a hellion
   115 | D        | Learned a level 3 spell: Inner Flame
   155 | D        | Killed a hellion
   167 | D        | Reached skill level 7 in Spellcasting
   167 | D        | Reached skill level 5 in Fire Magic
   206 | D        | Killed a white draconian scorcher
   208 | D        | Killed a white draconian scorcher
   211 | D        | Noticed a scorpion
   214 | D        | Killed a scorpion
   214 | D        | Reached skill level 8 in Spellcasting
   214 | D        | Reached XP level 4. HP: 24/24 MP: 10/16
   220 | D        | Learned a level 4 spell: Sticky Flame
   242 | D        | Gained mutation: You are clumsy. (Dex -2) [potion of mutation]
   242 | D        | Gained mutation: You have large cloven feet. [potion of mutation]
   243 | D        | Lost mutation: You have large cloven feet. [potion of mutation]
   243 | D        | Lost mutation: You are clumsy. (Dex -2) [potion of mutation]
   243 | D        | Gained mutation: You have a somewhat thin skeletal structure. (Dex +2, Stealth) [potion of mutation]
   243 | D        | Gained mutation: You are robust. (+10% HP) [potion of mutation]
   244 | D        | Lost mutation: You have a somewhat thin skeletal structure. (Dex +2, Stealth) [potion of mutation]
   244 | D        | Lost mutation: You are robust. (+10% HP) [potion of mutation]
   244 | D        | Gained mutation: Your muscles are strong. (Str +2) [potion of mutation]
   244 | D        | Gained mutation: You are robust. (+10% HP) [potion of mutation]
   244 | D        | Gained mutation: Your muscles are very strong. (Str +4) [potion of mutation]
   245 | D        | Lost mutation: Your muscles are very strong. (Str +4) [potion of mutation]
   245 | D        | Gained mutation: Your magical capacity is low. (-10% MP) [potion of mutation]
   245 | D        | Gained mutation: You have sharp fingernails. [potion of mutation]
   245 | D        | Gained mutation: You are partially covered in rugged brown scales. (AC +1, +3% HP) [potion of mutation]
   282 | D        | Noticed a water elemental
   285 | D        | Killed a water elemental
   285 | D        | Reached skill level 10 in Spellcasting
   285 | D        | Reached skill level 5 in Conjurations
   285 | D        | Reached XP level 5. HP: 31/31 MP: 9/17
   293 | D        | Learned a level 5 spell: Fireball
   341 | D        | Found a radiant altar of Vehumet.
   342 | D        | Found a deep blue altar of Sif Muna.
   342 | D        | Found an ancient bone altar of Kikubaaqudgha.
   345 | D        | Reached skill level 1 in Fighting
   345 | D        | Reached skill level 1 in Armour
   358 | D        | Became a worshipper of Vehumet
   406 | D        | Found a glowing silver altar of Zin.
   407 | D        | Found a glowing golden altar of the Shining One.
   407 | D        | Found a white marble altar of Elyvilon.
   407 | D        | Noticed a deep elf mage
   415 | D        | Killed a deep elf mage
   415 | D        | Reached skill level 5 in Dodging
   415 | D        | Reached skill level 12 in Spellcasting
   415 | D        | Reached XP level 6. HP: 33/41 MP: 16/21
   415 | D        | Reached XP level 7. HP: 37/46 MP: 16/22
   476 | D        | Found an ornate altar of the Wu Jian Council.
   476 | D        | Found a roughly hewn altar of Beogh.
   476 | D        | Found an iron altar of Okawaru.
   476 | D        | Found a bloodstained altar of Trog.
   476 | D        | Found a hide-covered altar of Uskayaw.
   476 | D        | Noticed a human
   480 | D        | Killed a human
   480 | D        | Killed a human
   480 | D        | Reached * piety under Vehumet
   480 | D        | Offered knowledge of Freeze by Vehumet.
   480 | D        | Reached skill level 13 in Spellcasting
   580 | D        | Found a basalt altar of Yredelemnul.
   580 | D        | Found a shadowy altar of Dithmenos.
   580 | D        | Found a sacrificial altar of Ru.
   627 | D        | Reached ** piety under Vehumet
   628 | D        | Noticed a shadow
   639 | D        | Killed a shadow
   639 | D        | Reached XP level 8. HP: 40/54 MP: 13/24
   715 | D        | Found a blossoming altar of Fedhas.
   715 | D        | Found a stormy altar of Qazlal.
   715 | D        | Found a snail-covered altar of Cheibriados.
   715 | D        | Found a burning altar of Makhleb.
   715 | D        | Found a shimmering altar of Xom.
   716 | D        | Found a hazy altar of Hepliaklqana.
   716 | D        | Found an opulent altar of Gozag.
   716 | D        | Found a sparkling altar of Nemelex Xobeh.
   716 | D        | Found a corrupted altar of Lugonu.
   716 | D        | Found a viscous altar of Jiyva.
   737 | D        | Offered knowledge of Shock by Vehumet.
   857 | D        | Noticed Erica
   859 | D        | Killed Erica
   859 | D        | Reached skill level 5 in Fighting
   859 | D        | Reached skill level 5 in Short Blades
   859 | D        | Reached skill level 14 in Spellcasting
  1136 | D        | Noticed a centaur warrior
  1137 | D        | Offered knowledge of Static Discharge by Vehumet.
  1137 | D        | Reached *** piety under Vehumet
  1137 | D        | Reached skill level 5 in Armour
  1137 | D        | Reached XP level 9. HP: 61/61 MP: 22/26
  1142 | D        | HP: 3/61 [centaur warrior (5)]
  1142 | D        | Slain by a centaur warrior

Vault maps used:
D:        dungeon_sprint_mu

Skill      XL: |  1  2  3  4  5  6  7  8  9 |
---------------+----------------------------+-----
Spellcasting   | 6 8 10 12 13 14 | 14.6
Conjurations   | 3 4 5 7 8 9 |  9.0
Fire Magic     | 4 5 6 8 9 |  9.6
Fighting       | 3 4 5 |  5.1
Armour         | 3 4 5 |  5.0
Dodging        | 5 6 7 |  7.9
Short Blades   | 3 4 5 |  5.9
Stealth        | |  2.4

Action                   |  1- 3 |  4- 6 |  7- 9 || total
-------------------------+-------+-------+-------++-------
Melee: Dagger            |       |     1 |     1 ||     2
 Cast: Flame Tongue      |    12 |     5 |    36 ||    53
       Throw Flame       |     1 |       |     1 ||     2
       Conjure Flame     |       |     1 |     1 ||     2
       Sticky Flame      |       |     3 |     3 ||     6
       Fireball          |       |       |     6 ||     6
  Use: Potion            |       |     4 |       ||     4
 Stab: Sleeping          |       |     1 |       ||     1
  Eat: Royal jelly       |       |       |     3 ||     3
Dodge: Dodged            |       |     3 |    10 ||    13

Table legend:
 A = Spawn XP
 B = Non-spawn XP
 C = Spawn XP percentage of total XP
 D = Spawn monster count
 E = Non-spawn monster count
 F = Spawn count percentage of total count
 G = Total turns spent on level
                    A         B        C        D         E        F      G
               +---------+---------+-------+---------+---------+-------+---------
         Total |       0 |    2938 |   0.0 |       0 |      20 |   0.0 |  1142
               +---------+---------+-------+---------+---------+-------+---------
             D |       0 |    2938 |   0.0 |       0 |      20 |   0.0 |  1142
               +---------+---------+-------+---------+---------+-------+---------
